 Dungeon Crawl Stone Soup version 0.30-b1-2-g02819fbbbe (webtiles) character file.

Game seed: 13744496279229442119

93 raph the Grave Robber (level 4, 0/33 HPs)
             Began as a Hill Orc Necromancer on Dec 23, 2023.
             Was an Initiate of Makhleb.
             Slain by an orc
             ... wielding a +0 whip
              (5 damage)
             ... on level 3 of the Dungeon.
             The game lasted 00:03:50 (2317 turns).

raph the Grave Robber (Hill Orc Necromancer)        Turns: 2317, Time: 00:03:51

Health: 0/33       AC:  3    Str: 10    XL:     4   Next: 62%
Magic:  1/7        EV: 12    Int: 17    God:    Makhleb [......]
Gold:   160        SH:  0    Dex: 11    Spells: 2/7 levels left

rFire   . . .        b - +2 dagger (venom)
rCold   . . .        (no shield)
rNeg    . . .        a - +0 robe
rPois   .            (no helmet)
rElec   .            (no cloak)
rCorr   .            g - +0 pair of gloves
SInv    .            (no boots)
Will    .....        (no amulet)
Stlth   ++           (no ring)
HPRegen 0.25/turn    (no ring)
MPRegen 0.10/turn

%: no passive effects
@: no status effects
A: no striking features
a: Renounce Religion


You were on level 3 of the Dungeon.
You worshipped Makhleb.
Makhleb was noncommittal.
You visited 1 branch of the dungeon, and saw 3 of its levels.

You collected 160 gold pieces.

Inventory:

Hand Weapons
 b - a +2 dagger of venom (weapon)
 f - a +0 dagger
Missiles
 n - 4 poisoned darts
Armour
 a - a +0 robe (worn)
 g - a +0 pair of gloves (worn)
 k - a +0 buckler
Scrolls
 c - a scroll of enchant weapon {unknown}
 d - 3 scrolls of teleportation {unknown}
 e - a scroll of poison {unknown}
 i - 3 scrolls of enchant armour {unknown}
 j - 2 scrolls of noise {unknown}
 o - a scroll of magic mapping {unknown}
Potions
 h - a potion of might {unknown}
 m - a potion of berserk rage {unknown}


   Skills:
 + Level 2.2 Dodging
 + Level 2.3 Stealth
 + Level 2.1 Spellcasting
 * Level 4.8 Necromancy


You had 2 spell levels left.
You knew the following spells:

 Your Spells              Type           Power      Damage    Failure   Level
a - Necrotise             Necr           72%        1d7       2%          1
b - Vampiric Draining     Necr           18%        2d7       8%          3
c - Kiss of Death         Conj/Necr      40%        2d8       7%          1

Your spell library contained the following spells:

 Spells                   Type           Power      Damage    Failure   Level
 Apportation              Tloc           2%         N/A       19%         1
 Summon Small Mammal      Summ           4%         N/A       19%         1
 Lesser Beckoning         Tloc           2%         N/A       28%         2
 Animate Dead             Necr           18%        N/A       26%         4
 Dispel Undead            Necr           18%        3d11      26%         4
 Confusing Touch          Hex            1%         N/A       50%         3
 Gell's Gravitas          Tloc           1%         N/A       50%         3
 Teleport Other           Tloc           1%         N/A       50%         3
 Agony                    Necr           18%        N/A       58%         5


Dungeon Overview and Level Annotations

Branches:
Dungeon (3/15)

Altars:
Gozag
Makhleb
Qazlal
Sif Muna
Zin


Message History

The orc priest misses you.
Aiming: Necrotise (safe; 2% risk of failure)
Press: ? - help, Q - select action, (/) - cycle Shift-Dir - straight line, f/p - orc priest
Aim: an orc priest, wielding a +0 dagger and wearing a +0 ring mail (severely wounded, chance to affect: 75%)
The orc priest writhes in agony.
The orc priest invokes the aid of Beogh against you.
You barely resist.
The orc priest shouts, "Join the one true god or die!"
You hit the orc priest but do no damage.
The orc priest is almost dead.
The orc priest invokes the aid of Beogh against you.
Beogh smites you!
You closely miss the orc priest.
The orc priest is almost dead.
The orc priest casts a cantrip, but nothing happens.
You completely miss the orc priest.
The orc priest is almost dead.
The orc priest invokes the aid of Beogh against you.
Pain shoots through your body!
* * * LOW HITPOINT WARNING * * *
Aiming: Necrotise (safe; 2% risk of failure)
Press: ? - help, Q - select action, (/) - cycle Shift-Dir - straight line, f/p - orc priest
Aim: an orc priest, wielding a +0 dagger and wearing a +0 ring mail (almost dead, chance to affect: 75%)
The orc priest writhes in agony.
The orc priest hits you with a +0 dagger.
* * * LOW HITPOINT WARNING * * *
You barely miss the orc priest.
The orc priest is almost dead.
The orc priest hits you with a +0 dagger.
* * * LOW HITPOINT WARNING * * *
You hit the orc priest.
You kill the orc priest!
Makhleb accepts your kill. The orc attacks as you move away!
The orc misses you.
There is an open door here.
You see here a +0 falchion.
The orc attacks as you move away! The orc misses you.
Okay, then.
The orc attacks as you move away! The orc hits you with a +0 whip.
You die...

##...##.# #.###.#####
#._._.#.#######.#.......#
###8###.......#.#........
######## ### #######.#.'.†......
.<.....# #.###.......) .......#
######[# #........ .......#
#.....)# ###.###+#
.......#########......#####.###.#
...../.'.)o.og.o@.....+..........
.......#########......#####.#.###
.......# ####......# #.#.# #
..!....# #.......#.#####.#.# #
......g. #.#####.#.......#.###
........ #.# #.#########....
#######. ####.#####.# #......
.##.......##.#######.##...
#.....#######...##.##...


You could see 3 orcs and a hobgoblin.

Vanquished Creatures
  An orc priest (D:3)
  An adder (D:3)
  A dart slug (D:2)
  6 orcs (D:3)
  3 bats
  3 endoplasms
  3 giant cockroaches
  3 goblins
  2 hobgoblins (D:1)
  6 quokkas
  A ball python (D:2)
  4 frilled lizards
  4 kobolds
  6 rats
44 creatures vanquished.

Vanquished Creatures (collateral kills)
  A frilled lizard (D:1)
1 creature vanquished.

Grand Total: 45 creatures vanquished

Notes
Turn   | Place    | Note
-------+----------+-------------------------------------------
     0 | D:1      | raph the Hill Orc Necromancer began the quest for the Orb.
     0 | D:1      | Reached XP level 1. HP: 14/14 MP: 3/3
   330 | D:1      | Reached XP level 2. HP: 17/20 MP: 0/4
  1106 | D:2      | Reached XP level 3. HP: 26/26 MP: 0/5
  1113 | D:2      | Learned a level 3 spell: Vampiric Draining
  1628 | D:2      | Found an opulent altar of Gozag.
  1982 | D:3      | Learned a level 1 spell: Kiss of Death
  2057 | D:3      | Found a burning altar of Makhleb.
  2059 | D:3      | Found a glowing silver altar of Zin.
  2059 | D:3      | Noticed an angel
  2060 | D:3      | Noticed a green death
  2078 | D:3      | Became a worshipper of Makhleb the Destroyer
  2137 | D:3      | Found a stormy altar of Qazlal.
  2138 | D:3      | Found a shimmering blue altar of Sif Muna.
  2219 | D:3      | Reached XP level 4. HP: 8/33 MP: 2/7
  2317 | D:3      | Slain by an orc

Illustrated notes

Levels and vault maps discovered:
D:1:      scummos_arrival_gate, layout_basic
D:2:      layout_basic, basic_altar
D:3:      layout_basic, grunt_temple_overflow_order_and_chaos_2,
          gammafunk_temple_overflow_statue

Skill      XL: |  1  2  3 |
---------------+----------+-----
Stealth        | 2 |  2.3
Dodging        | 2 |  2.2
Spellcasting   | 2 |  2.1
Necromancy     | |  4.8

Action                     |  1- 3 |  4- 6 || total
---------------------------+-------+-------++-------
  Melee: Dagger            |    26 |    10 ||    36
   Cast: Necrotise         |    71 |     6 ||    77
         Vampiric Draining |     4 |     1 ||     5
    Use: Potion            |     2 |     1 ||     3
 Armour: Robe              |    14 |       ||    14
  Dodge: Dodged            |    32 |     8 ||    40
